 Dungeon Crawl Stone Soup version 0.21-a0-143-g1ab7d47 (webtiles) character file.

58 drasked the Skirmisher (level 4, -2/41 HPs)
             Began as a Hill Orc Monk on July 25, 2017.
             Slain by drasked's ghost (12 damage)
             ... on level 3 of the Dungeon.
             The game lasted 00:03:44 (2152 turns).

drasked the Skirmisher (Hill Orc Monk)              Turns: 2152, Time: 00:03:44

Health: -2/41      AC:  3    Str: 14    XL:     4   Next: 2%
Magic:  4/4        EV: 12    Int: 10    God:
Gold:   94         SH:  0    Dex: 13    Spells: 3/3 levels left

rFire    . . .     SeeInvis .   a - +0 mace
rCold    . . .     Gourm    .   (no shield)
rNeg     . . .     Faith    .   b - +0 robe
rPois    .         Spirit   .   (no helmet)
rElec    .         Reflect  .   (no cloak)
rCorr    .         Harm     .   n - +0 pair of gloves
MR       .....                  (no boots)
Stlth    +.........             (no amulet)
HPRegen  0.13/turn              (no ring)
MPRegen  0.09/turn              (no ring)

@: heavily drained
A: no striking features
a: no special abilities


You were on level 3 of the Dungeon.
You were not hungry.

You visited 1 branch of the dungeon, and saw 3 of its levels.

You collected 94 gold pieces.

Inventory:

Hand Weapons
 a - a +0 mace (weapon)
Missiles
 e - 3 javelins (quivered)
Armour
 b - a +0 robe (worn)
 n - a +0 pair of gloves (worn)
   (You found it on level 2 of the Dungeon)
Jewellery
 h - an uncursed ring of magical power {unknown}
   (You found it on level 2 of the Dungeon)
Scrolls
 d - 4 scrolls of identify {unknown}
 f - 2 scrolls of fog {unknown}
 g - a scroll of teleportation {unknown}
 m - a scroll of amnesia {unknown}
 o - a scroll of fear {unknown}
 q - a scroll of immolation {unknown}
Potions
 j - a potion of flight {unknown}
 k - a potion of ambrosia {unknown}
 p - a potion of heal wounds {unknown}
Comestibles
 c - 2 bread rations {@e1}
 i - a chunk of flesh {@w0}
 l - 3 royal jellies


   Skills:
 + Level 4.9(3.5) Fighting
 + Level 4.2(2.8) Maces & Flails
 - Level 2.4(1.0) Dodging
 - Level 1.5(0.2) Stealth


You had 3 spell levels left.
You didn't know any spells.

Dungeon Overview and Level Annotations

Branches:
Dungeon (3/15)

Altars:
Sif Muna
Trog

Annotations:
D:3 drasked's ghost, amateur HOMo


Message History

No target in view!
Some of the chunks of flesh in your inventory have rotted away.
You see here 14 poisoned needles.
Found a deep blue altar of Sif Muna.
There is an open door here.
You enter the shallow water.
Moving in this stuff is going to be slow.
There is an open door here.
A bat comes into view.
A bat is nearby!
The bat hits you.
You take 1 damage, and have 34/35 hp.
You barely miss the bat. The bat barely misses you. The bat closely misses you.
You barely miss the bat. The bat barely misses you.
The bat hits you but does no damage.
You hit the bat but do no damage. The bat closely misses you.
Health restored: 35 A bat is nearby!
A bat is nearby!
The bat hits you but does no damage.
You sock the bat!
You kill the bat!
No target in view!
No target in view!
p - a fizzy yellow potion
q - a scroll labeled HUINAU OCRAU All of the chunks of flesh in your inventory have rotted away.
Done exploring.
Done exploring.
Done exploring.
There is a stone staircase leading down here.
You climb downwards.
There is a stone staircase leading up here.
Found a stone staircase leading down.
c - 2 bread rations {@e1} (gained 1)
An adder comes into view.
Aim: an adder (resting)
You throw a javelin. The javelin hits the adder.
The adder hisses angrily.
The adder moves out of view.
The adder barely misses you.
You barely miss the adder. The adder bites you.
You take 1 damage, and have 34/35 hp.
You hit the adder. The adder bites you. x2
You take 5 damage, and have 29/35 hp.
You closely miss the adder.
The adder bites you but does no damage. x2
You are feeling hungry.
You hit the adder. The adder bites you.
You take 4 damage, and have 26/35 hp.
You miss the adder. The adder closely misses you. The adder barely misses you.
You closely miss the adder. The adder bites you.
You are poisoned.
The adder poisons you! The adder barely misses you.
You take 1 damage, and have 25/35 hp.
You barely miss the adder.
You feel sick. The adder misses you.
You take 1 damage, and have 24/35 hp.
You hit the adder.
You kill the adder!
You have reached level 4!
You regained 4 hp, and now have 28/41 hp.
MP restored: 4 You feel sick.
You see here an adder corpse.
You butcher the adder corpse.
i - 2 chunks of flesh {@w0} You see here an adder skeleton.
Autoeating chunks.
Eating one of 2 chunks of flesh {@w0}.
You eat one of the 2 chunks of flesh {@w0}.
You start resting.
You feel sick. x3
You are no longer poisoned.
You take 2 damage, and have 26/41 hp.
You start resting.
Health restored: 41 Drasked's ghost (amateur Hill Orc Monk) comes into view.
It is wielding a weapon of protection.
e - 3 javelins (gained 1) Drasked's ghost turns its malevolent gaze towards you.
You hit drasked's ghost but do no damage.
Drasked's ghost closely misses you. Drasked's ghost barely misses you.
You hit drasked's ghost. Drasked's ghost hits you!
You take 9 damage, and have 32/41 hp.
MASSIVE DAMAGE!!
You hit drasked's ghost. Drasked's ghost hits you!
You take 10 damage, and have 22/41 hp.
MASSIVE DAMAGE!!
You barely miss drasked's ghost. Drasked's ghost hits you.
Drasked's ghost hits you!
You take 9 damage, and have 13/41 hp.
MASSIVE DAMAGE!!
You hit drasked's ghost but do no damage.
Drasked's ghost hits you.
* * * LOW HITPOINT WARNING * * *
You take 2 damage, and have 11/41 hp.
You hit drasked's ghost but do no damage.
Drasked's ghost hits you.
* * * LOW HITPOINT WARNING * * *
You take 1 damage, and have 10/41 hp.
You hit drasked's ghost but do no damage.
Drasked's ghost hits you!
You die...

#.# ...# #..#
###..###### ...... ..#
##.###### #..## #.#
#.......###...###.#####
#.........#..รท....
#@####....#..####. #W#
#.........##. ...
##.#.#.##.##. .#.##
#........##. .....
#.##.##..... .. #..
...##..#..### .## ###
#######.#..# .# 8##
#...## ..8####..#


You could see drasked's ghost.

Vanquished Creatures
  An adder (D:3)
  2 dart slugs (D:1)
  A leopard gecko (D:1)
  2 giant cockroaches (D:2)
  7 goblins
  3 hobgoblins
  8 jackals (D:2)
  5 kobolds
  A ball python (D:2)
  5 bats
  7 rats
42 creatures vanquished.

Notes
Turn   | Place    | Note
-------+----------+-------------------------------------------
     0 | D:1      | drasked the Hill Orc Monk began the quest for the Orb.
     0 | D:1      | Reached XP level 1. HP: 19/19 MP: 1/1
   173 | D:1      | Reached skill level 4 in Fighting
   173 | D:1      | Reached XP level 2. HP: 15/27 MP: 2/2
   734 | D:1      | Reached XP level 3. HP: 31/33 MP: 3/3
  1117 | D:2      | Reached skill level 4 in Maces & Flails
  1505 | D:2      | Found a bloodstained altar of Trog.
  1865 | D:2      | Found a deep blue altar of Sif Muna.
  2006 | D:3      | Reached XP level 4. HP: 28/41 MP: 4/4
  2132 | D:3      | Noticed drasked's ghost (amateur HOMo)
  2151 | D:3      | HP: 10/41 [drasked's ghost (2)]
  2152 | D:3      | Slain by drasked's ghost

Vault maps used:
D:1:      dpeg_arrival_leaves_temple_mockup
D:2:      lemuel_coloured_pillars_altar, led_sif_pool
D:3:      nicolae_overflow_hidden_temple, lemuel_round_altar, first_bread

Skill      XL: |  1  2  3 |
---------------+----------+-----
Fighting       | 4 |  4.9
Maces & Flails | 4 |  4.2
Dodging        | |  2.4
Stealth        | |  1.5

Action                   |  1- 3 |  4- 6 || total
-------------------------+-------+-------++-------
Melee: Mace              |   104 |     7 ||   111
Throw: Javelin           |    15 |       ||    15
 Stab: Sleeping          |     1 |       ||     1
  Eat: Chunk             |     3 |     1 ||     4
Armor: Robe              |    25 |       ||    25
Dodge: Dodged            |    85 |     2 ||    87

Vault maps used:
D:1:      dpeg_arrival_leaves_temple_mockup
D:2:      lemuel_coloured_pillars_altar, led_sif_pool
D:3:      nicolae_overflow_hidden_temple, lemuel_round_altar, first_bread

Table legend:
 A = Turns spent in this place as a percentage of turns spent in the entire game.
 B = Non-inter-level travel turns spent in this place as a percentage of non-inter-level travel turns spent in the entire game.
 C = Inter-level travel turns spent in this place as a percentage of turns spent in this place.
 D = Turns resting spent in this place as a percentage of non-inter-level travel turns spent in this place.
 E = Turns spent auto-exploring this place as a percentage of non-inter-level travel turns spent in this place.
 F = Non-inter-level travel turns spent in this place divided by the number of levels of this place that you've seen.
                   A       B       C       D       E      F
               +-------+-------+-------+-------+-------+----------------------
         Total | 100.0 | 100.0 |   0.3 |   3.5 |  10.6 | 192.0
       Dungeon | 100.0 | 100.0 |   0.3 |   3.5 |  10.6 | 192.0
               +-------+-------+-------+-------+-------+----------------------

Table legend:
 A = Kills in this place as a percentage of kills in entire the game.
 B = Kills by you in this place as a percentage of kills by you in the entire game.
 C = Kills by friends in this place as a percentage of kills by friends in the entire game.
 D = Other kills in this place as a percentage of other kills in the entire game.
 E = Experience gained in this place as a percentage of experience gained in the entire game.
 F = Experience gained in this place divided by the number of levels of this place that you have seen.
                   A       B       C       D       E      F
               +-------+-------+-------+-------+-------+----------------------
         Total | 100.0 | 100.0 |  -nan |  -nan | 100.0 |  28.0
       Dungeon | 100.0 | 100.0 |  -nan |  -nan | 100.0 |  28.0
               +-------+-------+-------+-------+-------+----------------------
